 Dungeon Crawl Stone Soup version 0.31.0-11-ge490571c62 (webtiles) character file.

Game seed: 14958915549338955682

1117 mopl the Sneak (level 8, 0/85 HPs)
             Began as a Yellow Draconian Enchanter on Feb 7, 2024.
             Slain by an ufetubus (2 damage)
             ... on level 6 of the Dungeon.
             The game lasted 00:08:10 (4026 turns).

mopl the Sneak (Yellow Draconian Enchanter)         Turns: 4026, Time: 00:08:11

Health: 0/85       AC: 24    Str: 11    XL:     8   Next: 12%
Magic:  12/15      EV:  2    Int: 17    God:
Gold:   261        SH:  0    Dex: 12    Spells: 9/17 levels left

rFire   . . .        (no weapon)
rCold   . . .        (no shield)
rNeg    . . .        (body armour unavailable)
rPois   +            (helmet currently unavailable)
rElec   .            (cloak currently unavailable)
rCorr   .            (gloves currently unavailable)
SInv    .            g - melded +2 pair of boots
Will    +....        (no amulet)
Stlth   +++          f - ring of willpower
HPRegen 0.34/turn    (no ring)
MPRegen 0.14/turn

%: no passive effects
@: brilliant, short of breath, tree-form, hasted, very quick
A: stationary, stasis, torment immunity, boosted hp, (spit acid), AC +6,
unfitting armour, (cold-blooded), (acid resistance)
a: no special abilities


You were on level 6 of the Dungeon.
You were a tree.
You visited 2 branches of the dungeon, and saw 7 of its levels.

You collected 261 gold pieces.

Inventory:

Hand Weapons
 a - a +1 dagger
 b - a +2 short sword of freezing
Missiles
 q - 6 poisoned darts
 w - 3 boomerangs
 y - 5 javelins
Armour
 g - a +2 pair of boots (melded)
 p - a +0 kite shield
Jewellery
 f - a ring of willpower (left branch)
Talismans
 s - a talisman of death
Wands
 n - a wand of roots (23)
 x - a wand of acid (11)
Scrolls
 c - a scroll of silence {unknown}
 d - a scroll of vulnerability {unknown}
 e - 5 scrolls of identify {unknown}
 h - 2 scrolls of enchant armour {unknown}
 i - 2 scrolls of amnesia {unknown}
 j - a scroll of poison {unknown}
 l - 2 scrolls of teleportation {unknown}
 m - a scroll of revelation {unknown}
 z - a scroll of fear {unknown}
 E - a scroll of summoning {unknown}
Potions
 k - 2 potions of lignification
 r - 3 potions of invisibility
 t - a potion of heal wounds {unknown}
 u - a potion of ambrosia {unknown}
 v - a potion of enlightenment {unknown}
 A - a potion of brilliance
 B - a potion of curing {unknown}
 C - a potion of cancellation {unknown}
 D - a potion of attraction {unknown}


   Skills:
 - Level 1.0 Short Blades
 - Level 1.7 Dodging
 + Level 6.2 Stealth
 + Level 5.3 Spellcasting
 + Level 5.7 Hexes


You had 9 spell levels left.
You knew the following spells:

 Your Spells              Type           Power      Damage    Failure   Level
b - Ensorcelled Hibernat  Hex/Ice        42%        N/A       6%          2
c - Confusing Touch       Hex            35%        N/A       4%          3
d - Tukima's Dance        Hex            35%        N/A       4%          3

Your spell library contained the following spells:

 Spells                   Type           Power      Damage    Failure   Level
 Dazzling Flash           Conj/Hex       42%        N/A       13%         3
 Sting                    Conj/Alch      24%        1d4       14%         1
 Mercury Vapours          Alch/Air       12%        N/A       22%         2
 Fugue of the Fallen      Necr           6%         N/A       38%         3
 Ozocubu's Armour         Ice            6%         N/A       38%         3
 Manifold Assault         Tloc           6%         N/A       80%         4
 Olgreb's Toxic Radiance  Alch           6%         N/A       80%         4


Dungeon Overview and Level Annotations

Branches:
Dungeon (6/15)             Temple (1/1) D:4

Altars:
Ashenzari
Cheibriados
Elyvilon
Fedhas
Hepliaklqana
Kikubaaqudgha
Makhleb
Okawaru
Qazlal
Ru
Sif Muna
Uskayaw
Wu Jian
Xom
Yredelemnul
The Shining One


Innate Abilities, Weirdness & Mutations

You are a tree.
Your roots penetrate the ground, keeping you stationary.
You cannot be teleported.
You are immune to unholy pain and torment.
Your maximum health is greatly increased.
Your equipment is partially melded.
((You can spit globs of acid.))
((Your golden yellow scales are hard. (AC +6)))
You cannot fit into any form of body armour.
((You are cold-blooded and may be slowed by cold attacks.))
((You are resistant to acid. (rCorr)))


Message History

You punch the ice beast.
The ice beast is lightly wounded.
The ufetubus hits you but does no damage. x2
You hit the ufetubus.
The ufetubus is moderately wounded.
The ufetubus hits you but does no damage. x2
The ice beast closely misses the ufetubus.
The ufetubus hits you but does no damage. x4
You closely miss the ufetubus.
The ufetubus is heavily wounded.
The ufetubus hits you but does no damage. x4
You completely miss the ufetubus.
The ufetubus is heavily wounded.
The ufetubus hits you but does no damage. x8
You hit the ufetubus.
The ufetubus is heavily wounded.
The ufetubus hits you but does no damage. x4
You barely miss the ufetubus.
You punch the ufetubus, but do no damage.
The ufetubus is heavily wounded.
The ufetubus hits you but does no damage.
The ufetubus hits you.
* * * LOW HITPOINT WARNING * * *
The ufetubus hits you.
* * * LOW HITPOINT WARNING * * *
The ufetubus hits you but does no damage. x4
The ufetubus hits you.
* * * LOW HITPOINT WARNING * * *
Unknown command.
Your +2 short sword of freezing stops glowing.
You are now empty-handed.
It was a potion of brilliance.
You feel clever all of a sudden.
The ufetubus hits you but does no damage. x4
The ice beast barely misses the ufetubus.
The ufetubus hits you but does no damage. x4
It was a potion of haste.
You feel yourself speed up.
The ufetubus hits you but does no damage. x2
The ufetubus hits you.
You die...

# .# # #######.#
###... #.# ....##
# #.# .. #.### #.
#.# #.# ..#
#.####.#####.#
..#
#............#
..#
....Y###.####.#
.... ##.#5###.#
#.# ..### ####
#♣##.####.# ..#
.....###5.......#
...
.....s5.#######.#
##
####.Y#.#######.#
#.###........#
####.#.#########
##...#5##
#..s...#
..Y......)#


You could see an ice beast (confused) and 2 ufetubi.

Vanquished Creatures
  A sky beast (D:6)
  A black bear (D:5)
  An ogre (D:4)
  A phantom (D:4)
  3 scorpions
  4 killer bees
  2 hounds
  A jelly (D:5)
  An iguana (D:5)
  2 sleepcaps (D:5)
  4 gnolls
  6 adders
  2 shadow imps (D:6)
  4 ufetubi
  4 ribbon worms
  A dart slug (D:2)
  19 orcs
  3 bats
  9 endoplasms
  3 giant cockroaches
  10 goblins
  7 hobgoblins
  A quokka (D:1)
  7 ball pythons
  4 frilled lizards
  13 kobolds
  6 rats
120 creatures vanquished.

Vanquished Creatures (others)
  A dancing weapon (D:4)
1 creature vanquished.

Grand Total: 121 creatures vanquished

Notes
Turn   | Place    | Note
-------+----------+-------------------------------------------
     0 | D:1      | mopl the Draconian Enchanter began the quest for the Orb.
     0 | D:1      | Reached XP level 1. HP: 14/14 MP: 3/3
    70 | D:1      | Reached XP level 2. HP: 11/20 MP: 5/5
    76 | D:1      | Learned a level 2 spell: Ensorcelled Hibernation
   152 | D:1      | Reached skill level 3 in Stealth
   636 | D:2      | Reached XP level 3. HP: 16/26 MP: 2/6
   640 | D:2      | Learned a level 3 spell: Confusing Touch
  1456 | D:2      | Found a faded altar of an unknown god.
  1698 | D:3      | Reached XP level 4. HP: 33/33 MP: 8/8
  1794 | D:3      | Identified the +0 leather armour "Byulyith" {rC+ Str-4
                  | Int+3 Stlth+}
  1833 | D:3      | Found a basalt altar of Yredelemnul.
  1850 | D:3      | Learned a level 3 spell: Tukima's Dance
  2417 | D:4      | Reached skill level 4 in Stealth
  2417 | D:4      | Reached XP level 5. HP: 38/38 MP: 6/9
  2469 | D:4      | Noticed an ogre
  2476 | D:4      | Noticed a phantom
  2482 | D:4      | Killed an ogre
  2503 | D:4      | Killed a phantom
  2504 | D:4      | Reached XP level 6. HP: 41/45 MP: 4/11
  2518 | D:4      | Found a staircase to the Ecumenical Temple.
  2525 | Temple   | Entered the Ecumenical Temple
  2663 | D:4      | Found a hide-covered altar of Uskayaw.
  2761 | D:5      | Entered Level 5 of the Dungeon
  3062 | D:4      | Reached skill level 5 in Stealth
  3081 | D:5      | Your scales start taking on a golden yellow colour.
  3081 | D:5      | Reached XP level 7. HP: 23/50 MP: 6/13
  3081 | D:5      | Gained mutation: You are resistant to acid. (rCorr) [Yellow
                  | Draconian growth]
  3297 | D:5      | Reached skill level 5 in Hexes
  3718 | D:5      | Reached skill level 5 in Spellcasting
  3921 | D:6      | Reached skill level 6 in Stealth
  3952 | D:6      | Reached XP level 8. HP: 39/57 MP: 12/15
  4023 | D:6      | HP: 2/85 [ufetubus (4)]
  4026 | D:6      | Slain by an ufetubus

Illustrated notes

Levels and vault maps discovered:
D:1:      dpeg_arrival_simpleton_a, layout_rooms
D:2:      layout_basic, ebering_ecumenical_altar_box, hex_medium
D:3:      layout_basic, mainiacjoe_overflow_paths, hex_intersection,
          minmay_checkerbox
D:4:      layout_gridville, eat_drink_and_be_merry_uskayaw,
          minmay_temple_entry_slanted
D:5:      layout_basic, serial_glass, glass_columns_a, glass_columns_a,
          kennysheep_generic_room_7
D:6:      layout_loops_ring, cheibrodos_sewer_entry_bend,
          hangedman_abyss_or_decor_lesser_grid
Temple:   jpeg_temple_clearing

Skill      XL: |  1  2  3  4  5  6  7 |
---------------+----------------------+-----
Stealth        | 3 4 5 6 |  6.2
Hexes          | 3 4 5 |  5.7
Spellcasting   | 3 4 5 |  5.3
Short Blades   | |  1.0
Dodging        | |  1.7

Action                     |  1- 3 |  4- 6 |  7- 9 || total
---------------------------+-------+-------+-------++-------
  Melee: Dagger            |   180 |     2 |    74 ||   256
         Tailslap          |    23 |    16 |    18 ||    57
         Punch             |     2 |       |     5 ||     7
         Short sword       |       |   120 |    39 ||   159
   Cast: Ensorcelled Hiber |     7 |    15 |    26 ||    48
         Confusing Touch   |       |     2 |     4 ||     6
         Tukima's Dance    |       |     1 |       ||     1
Ability: Breathe Acid      |       |       |     5 ||     5
    Use: Potion            |       |       |     3 ||     3
   Stab: Sleeping          |     6 |    12 |    22 ||    40
         Confused          |       |     2 |     2 ||     4
 Armour: Skin              |    98 |    83 |   153 ||   334
  Dodge: Dodged            |   108 |    69 |   112 ||   289
